 Dungeon Crawl Stone Soup version 0.26-a0-631-ged93497179 (webtiles) character file.

Game seed: 2838679783158596224

9643 Drevant2 the Martial Artist (level 11, -3/83 HPs)
             Began as a Gnoll Transmuter on Sept 12, 2020.
             Was a High Priest of Okawaru.
             Slain by a black mamba (15 damage)
             ... on level 1 of the Lair of Beasts.
             The game lasted 00:44:13 (12298 turns).

Drevant2 the Martial Artist (Gnoll Transmuter)     Turns: 12298, Time: 00:44:14

Health: -3/83      AC: 10    Str: 15    XL:     11   Next: 49%
Magic:  23/23      EV: 18    Int: 16    God:    Okawaru [*****.]
Gold:   728        SH:  0    Dex: 19    Spells: 17/26 levels left

rFire    + . .     SeeInvis .     - Unarmed
rCold    + + .     Faith    .   (no shield)
rNeg     . . .     Spirit   .   T - +2 robe {Archmagi}
rPois    +         Reflect  .   (helmet currently unavailable)
rElec    +         Harm     .   (no cloak)
rCorr    +         Rampage  .   J - +1 pair of gloves {Str+3}
MR       .....                  (boots currently unavailable)
Stlth    ++++......             j - amulet of regeneration
HPRegen  0.63/turn              m - ring of protection from cold
MPRegen  0.18/turn              w - +4 ring of protection

@: appendages, resistant, hasted, very quick
A: distributed training, fangs 1, horns 2, talons 2, strong nose
a: End Transformation, Heroism, Finesse, Renounce Religion


You were on level 1 of the Lair of Beasts.
You worshipped Okawaru.
Okawaru was extremely pleased with you.
You had grown temporary horns.
You had grown temporary talons.
You visited 3 branches of the dungeon, and saw 13 of its levels.
You also visited: Bailey.

You collected 728 gold pieces.

Inventory:

Hand Weapons
 H - a +3 halberd
 Q - a +0 short sword of speed
 U - a +1 dire flail of draining
Missiles
 l - 11 javelins (quivered)
Armour
 a - a +0 robe
 s - a +0 pair of gloves
 I - +2 steam dragon scales
 J - a +1 pair of gloves of strength (worn)
 O - a +0 troll leather armour
 T - a +2 robe of the Archmagi (worn)
 Z - a +2 hat
Magical Staves
 C - a cursed staff of poison {unknown}
 S - an uncursed staff of conjuration {unknown}
Jewellery
 j - an amulet of regeneration (around neck)
 m - a ring of protection from cold (left hand)
 u - an uncursed amulet of regeneration
 w - a +4 ring of protection (right hand)
 F - an uncursed amulet of guardian spirit {unknown}
 M - an uncursed ring of stealth
 N - an uncursed ring of stealth
 P - a cursed ring of attention
Wands
 p - a wand of polymorph (5)
 q - a wand of paralysis (5)
 r - a wand of random effects (38)
 G - a wand of acid (3)
 V - a wand of flame (15)
Scrolls
 c - 2 scrolls of blinking {unknown}
 d - 8 scrolls of teleportation
 e - 3 scrolls of identify
 k - 6 scrolls of remove curse {unknown}
 o - 2 scrolls of enchant weapon {unknown}
 v - 2 scrolls of amnesia {unknown}
 x - 5 scrolls of magic mapping {unknown}
 y - 2 scrolls of noise {unknown}
 A - a scroll of torment {unknown}
 D - 4 scrolls of fog {unknown}
 E - a scroll of fear {unknown}
 L - a scroll of immolation {unknown}
 Y - a scroll of vulnerability {unknown}
Potions
 b - 3 potions of curing
 f - 3 potions of invisibility
 g - a potion of brilliance
 h - a potion of haste
 i - 5 potions of heal wounds
 n - 2 potions of mutation
 t - a potion of resistance
 z - 4 potions of cancellation
 K - a potion of ambrosia {unknown}
 W - a potion of berserk rage {unknown}
 X - a potion of lignification {unknown}
Miscellaneous
 B - a condenser vane (2/2)
 R - a lightning rod (4/4)


   Skills:
 + Level 6.9 Fighting
 + Level 6.3 Short Blades
 + Level 6.3 Long Blades
 + Level 6.3 Axes
 + Level 6.3 Maces & Flails
 + Level 6.3 Polearms
 + Level 6.3 Staves
 + Level 6.3 Slings
 + Level 6.3 Bows
 + Level 6.3 Crossbows
 + Level 6.3 Throwing
 + Level 6.3 Armour
 + Level 7.9 Dodging
 + Level 6.3 Stealth
 + Level 6.3 Shields
 + Level 9.2 Unarmed Combat
 + Level 8.2 Spellcasting
 + Level 5.2 Conjurations
 + Level 5.2 Hexes
 + Level 5.2 Summonings
 + Level 5.2 Necromancy
 + Level 5.2 Translocations
 + Level 6.6 Transmutations
 + Level 5.2 Fire Magic
 + Level 5.2 Ice Magic
 + Level 5.2 Air Magic
 + Level 5.2 Earth Magic
 + Level 5.2 Poison Magic
 + Level 7.0 Invocations
 + Level 6.3 Evocations


You had 17 spell levels left.
You knew the following spells:

 Your Spells              Type           Power        Failure   Level
a - Beastly Appendage     Tmut           #####.       1%          1
b - Spider Form           Tmut/Pois      #####.....   3%          3
c - Blade Hands           Tmut           #####.....   21%         5

Your spell library contained the following spells:

 Spells                   Type           Power        Failure   Level
 Foxfire                  Conj/Fire      ####         1%          1
 Shock                    Conj/Air       ####         1%          1
 Corpse Rot               Necr/Air       N/A          1%          2
 Sublimation of Blood     Necr           #####.....   1%          2
 Swiftness                Air            #####...     1%          2
 Wereblood                Tmut           #####...     1%          2
 Inner Flame              Hex/Fire       #####...     3%          3
 Static Discharge         Conj/Air       #####...     3%          3
 Ice Form                 Ice/Tmut       #####...     10%         4
 Airstrike                Air            #####.....   13%         4
 Dispel Undead            Necr           #####...     13%         4
 Agony                    Necr           #####...     34%         5
 Excruciating Wounds      Necr           #####.....   34%         5
 Lightning Bolt           Conj/Air       #####.....   34%         5
 Freezing Cloud           Conj/Ice/Air   #####.....   89%         6
 Tornado                  Air            #####.....   100%        9


Dungeon Overview and Level Annotations

Branches:
Dungeon (11/15)            Temple (1/1) D:4            Lair (1/6) D:9
 Bailey (visited)
    Orc: D:9-12

Altars:
Ashenzari
Cheibriados
Dithmenos
Elyvilon
Fedhas
Gozag
Hepliaklqana
Kikubaaqudgha
Makhleb
Nemelex Xobeh
Okawaru
Ru
Sif Muna
Trog
Uskayaw
Vehumet
Xom
Yredelemnul
Zin
The Shining One

Annotations:
D:7 Prince Ribbit
D:10 Erolcha


Innate Abilities, Weirdness & Mutations

Your experience applies equally to all skills.
You have very sharp teeth.
Your uncanny sense of smell can sniff out nearby items.
You have a pair of horns on your head.
You have razor-sharp toenails.


Message History

The black mamba completely misses you.
You hit the black mamba but do no damage.
You claw the black mamba.
The black mamba is heavily wounded.
The cane toad misses you. The black mamba barely misses you.
You hit the black mamba but do no damage.
Your kick misses the black mamba. You headbutt the black mamba!
The black mamba is severely wounded.
The black mamba bites you.
* * * LOW HITPOINT WARNING * * *
You are poisoned.
The black mamba poisons you!
You closely miss the black mamba.
The black mamba is severely wounded.
You feel sick. The cane toad stings you!!
* * * LOW HITPOINT WARNING * * *
You are more poisoned.
The cane toad poisons you! The black mamba barely misses you.
You feel better. The cane toad misses you. The black mamba bites you!
You die...

....##....##......†.....#
#
....###.#.#......###.P###
....###.#.##.....###+###
........................
........................
........................
........................
........................
...............F@S......
...##.#+.##....####.#.##
...##.#.P#.....#
...##....##...!#
...##....##......
....#....#.....###
...##....##....#
...########....#
...#######.


You could see a black mamba and a cane toad.

Vanquished Creatures
  An orc knight (Bailey)
  A cyclops (D:8)
  A cane toad (Lair:1)
  A yaktaur (D:8)
  2 trolls (D:8)
  4 hippogriffs
  Sigmund (D:3)
  A vampire mosquito (D:8)
  3 wargs (D:9)
  Menkaure (D:7)
  A water moccasin (D:7)
  A porcupine (Lair:1)
  4 sky beasts
  8 orc warriors
  2 black bears
  6 ogres
  3 eyes of draining
  4 phantoms
  The ghost of Migumi the Digger, an amateur DrEE (D:3)
  2 centaurs
  2 crocodiles
  Blork the orc (D:4)
  2 big kobolds
  6 bullfrogs
  A gnoll sergeant (D:7)
  3 scorpions
  10 killer bees
  A water moccasin skeleton (D:10)
  7 wights
  A howler monkey (D:6)
  2 jellies
  2 quasits
  4 bullfrog zombies
  7 hounds
  8 orc wizards
  7 orc priests
  2 centaur skeletons (D:10)
  A bullfrog skeleton (D:6)
  6 worker ants
  A killer bee zombie (D:9)
  A hound zombie (D:5)
  2 hound skeletons
  A worker ant zombie (D:9)
  12 gnolls
  12 adders
  4 shadow imps
  3 white imps
  3 ufetubi
  An ooze (D:6)
  An adder skeleton (D:4)
  2 worms
  7 leopard geckos
  38 orcs
  5 giant cockroaches
  6 goblins
  4 hobgoblins
  12 jackals
  13 kobolds
  7 quokkas
  4 bats
  A frilled lizard (D:1)
  A jackal skeleton (D:4)
  A quokka zombie (D:10)
  12 rats
275 creatures vanquished.

Vanquished Creatures (others)
  5 fungi (Lair:1)
  A plant (Lair:1)
6 creatures vanquished.

Grand Total: 281 creatures vanquished

Notes
Turn   | Place    | Note
-------+----------+-------------------------------------------
     0 | D:1      | Drevant2 the Gnoll Transmuter began the quest for the Orb.
     0 | D:1      | Reached XP level 1. HP: 17/17 MP: 6/6
   325 | D:1      | Reached XP level 2. HP: 23/23 MP: 7/7
  1135 | D:2      | Found a faded altar of an unknown god.
  1149 | D:2      | Reached XP level 3. HP: 27/28 MP: 9/9
  1253 | D:2      | Reached skill level 5 in Spellcasting
  1492 | D:2      | Reached skill level 1 in Invocations
  1749 | D:2      | Reached skill level 1 in Short Blades
  1749 | D:2      | Reached skill level 1 in Long Blades
  1749 | D:2      | Reached skill level 1 in Axes
  1749 | D:2      | Reached skill level 1 in Maces & Flails
  1749 | D:2      | Reached skill level 1 in Polearms
  1749 | D:2      | Reached skill level 1 in Staves
  1749 | D:2      | Reached skill level 1 in Slings
  1749 | D:2      | Reached skill level 1 in Bows
  1749 | D:2      | Reached skill level 1 in Crossbows
  1749 | D:2      | Reached skill level 1 in Throwing
  1749 | D:2      | Reached skill level 1 in Armour
  1749 | D:2      | Reached skill level 1 in Stealth
  1749 | D:2      | Reached skill level 1 in Shields
  1749 | D:2      | Reached skill level 1 in Evocations
  1754 | D:2      | Learned a level 3 spell: Spider Form
  2080 | D:2      | Found a glowing silver altar of Zin.
  2080 | D:2      | Noticed an angel
  2261 | D:3      | Found a large runed translucent door.
  2261 | D:3      | Found a large runed translucent door.
  2533 | D:3      | Reached XP level 4. HP: 34/34 MP: 11/11
  2880 | D:3      | Noticed Migumi's ghost (amateur DrEE)
  2966 | D:3      | Noticed Sigmund
  3131 | D:3      | Found a bloodstained altar of Trog.
  3131 | D:3      | Noticed an eye of draining
  3163 | D:3      | You fall into a shaft and drop 2 floors!
  3163 | D:5      | Entered Level 5 of the Dungeon
  3202 | D:4      | Reached skill level 1 in Conjurations
  3202 | D:4      | Reached skill level 1 in Hexes
  3202 | D:4      | Reached skill level 1 in Summonings
  3202 | D:4      | Reached skill level 1 in Necromancy
  3202 | D:4      | Reached skill level 1 in Translocations
  3202 | D:4      | Reached skill level 1 in Fire Magic
  3202 | D:4      | Reached skill level 1 in Ice Magic
  3202 | D:4      | Reached skill level 1 in Air Magic
  3202 | D:4      | Reached skill level 1 in Earth Magic
  3202 | D:4      | Reached skill level 1 in Poison Magic
  3227 | D:4      | Found a shimmering altar of Xom.
  3323 | D:4      | Found a staircase to the Ecumenical Temple.
  3324 | D:4      | Noticed Blork the orc
  3360 | D:4      | You fall into a shaft and drop 1 floor!
  3552 | D:4      | Reached XP level 5. HP: 40/40 MP: 10/12
  3627 | D:4      | Noticed an ogre
  3636 | D:4      | Killed an ogre
  3636 | D:4      | Reached XP level 6. HP: 37/47 MP: 12/14
  3667 | D:4      | Found a snail-covered altar of Cheibriados.
  3693 | D:4      | Reached skill level 5 in Dodging
  4274 | D:4      | Killed Blork the orc
  4280 | Temple   | Entered the Ecumenical Temple
  4488 | Temple   | Became a worshipper of Warmaster Okawaru
  4760 | D:5      | Reached XP level 7. HP: 38/52 MP: 13/15
  4813 | D:5      | Reached skill level 7 in Unarmed Combat
  4936 | D:5      | Reached * piety under Okawaru
  5404 | D:3      | Reached XP level 8. HP: 55/60 MP: 1/16
  5659 | D:3      | Killed Migumi's ghost
  5723 | D:3      | Killed Sigmund
  5723 | D:3      | Reached ** piety under Okawaru
  5915 | D:6      | Found a shimmering blue altar of Sif Muna.
  5979 | D:6      | Found a white marble altar of Elyvilon.
  6229 | D:6      | Reached XP level 9. HP: 66/66 MP: 16/18
  6232 | D:6      | Reached skill level 5 in Transmutations
  6318 | D:6      | You fall into a shaft and drop 2 floors!
  6477 | D:7      | Noticed Menkaure
  6612 | D:8      | Reached *** piety under Okawaru
  6614 | D:8      | Noticed a cyclops
  6727 | D:8      | Reached skill level 5 in Fighting
  6904 | D:7      | Reached skill level 8 in Unarmed Combat
  6986 | D:7      | Found a flagged portal.
  7016 | Bailey   | Entered a bailey
  7059 | Bailey   | Reached skill level 5 in Invocations
  7254 | Bailey   | Noticed an orc knight
  7296 | Bailey   | Killed an orc knight
  7296 | Bailey   | Reached **** piety under Okawaru
  7296 | Bailey   | Reached XP level 10. HP: 74/74 MP: 20/20
  7375 | Bailey   | Reached skill level 5 in Short Blades
  7375 | Bailey   | Reached skill level 5 in Long Blades
  7375 | Bailey   | Reached skill level 5 in Axes
  7375 | Bailey   | Reached skill level 5 in Maces & Flails
  7375 | Bailey   | Reached skill level 5 in Polearms
  7375 | Bailey   | Reached skill level 5 in Staves
  7375 | Bailey   | Reached skill level 5 in Slings
  7375 | Bailey   | Reached skill level 5 in Bows
  7375 | Bailey   | Reached skill level 5 in Crossbows
  7375 | Bailey   | Reached skill level 5 in Throwing
  7375 | Bailey   | Reached skill level 5 in Armour
  7375 | Bailey   | Reached skill level 5 in Stealth
  7375 | Bailey   | Reached skill level 5 in Shields
  7375 | Bailey   | Reached skill level 5 in Evocations
  7677 | D:7      | Received a gift from Okawaru
  7741 | D:7      | Killed Menkaure
  8004 | D:7      | Noticed Prince Ribbit
  8353 | D:6      | Found a basalt altar of Yredelemnul.
  8355 | D:6      | Noticed a profane servitor
  8366 | D:6      | Found a glowing golden altar of the Shining One.
  8368 | D:6      | Noticed an angel
  8637 | D:6      | Received a gift from Okawaru
  9223 | D:8      | Killed a cyclops
  9422 | D:8      | Found a runed translucent door.
  9435 | D:8      | Identified the Disquisition on Flames and Air
  9500 | D:8      | Found a runed translucent door.
  9500 | D:8      | Found a runed translucent door.
  9731 | D:9      | Reached ***** piety under Okawaru
  9763 | D:9      | Reached XP level 11. HP: 49/83 MP: 22/22
  9870 | D:9      | Received a gift from Okawaru
  9947 | D:9      | Reached skill level 9 in Unarmed Combat
  9992 | D:9      | Learned a level 5 spell: Blade Hands
 10168 | D:9      | Reached skill level 5 in Conjurations
 10168 | D:9      | Reached skill level 5 in Hexes
 10168 | D:9      | Reached skill level 5 in Summonings
 10168 | D:9      | Reached skill level 5 in Necromancy
 10168 | D:9      | Reached skill level 5 in Translocations
 10168 | D:9      | Reached skill level 5 in Fire Magic
 10168 | D:9      | Reached skill level 5 in Ice Magic
 10168 | D:9      | Reached skill level 5 in Air Magic
 10168 | D:9      | Reached skill level 5 in Earth Magic
 10168 | D:9      | Reached skill level 5 in Poison Magic
 10722 | D:9      | Found a staircase to the Lair.
 11177 | D:10     | Entered Level 10 of the Dungeon
 11456 | D:10     | Noticed Erolcha
 11609 | D:11     | Noticed a cyclops
 11609 | D:11     | Noticed a deep elf mage
 11609 | D:11     | Noticed a deep elf mage
 11621 | D:11     | Noticed a two-headed ogre
 11713 | D:11     | Noticed a skeletal warrior
 11713 | D:11     | Noticed a skeletal warrior
 11793 | Lair:1   | Entered Level 1 of the Lair of Beasts
 12297 | Lair:1   | HP: 3/83 [cane toad (19)]
 12298 | Lair:1   | Slain by a black mamba

Illustrated notes

Levels and vault maps discovered:
D:1:      dpeg_arrival_leaves_temple_mockup, layout_basic, lemuel_flame_loot_1
D:2:      layout_basic, zin_angel, chequers_ecumenical_altar_simple
D:3:      layout_basic, ebering_ghost_disaster_area, trog_eyes_of_draining,
          uniq_sigmund
D:4:      layout_loops_ring, xom_butterflies, overflow_temple_1_default,
          temple_green, uniq_blork_the_orc
D:5:      layout_cave_pools, kennysheep_decorative_pillar, serial_bayou_pond_e
D:6:      layout_loops_ring, grunt_temple_overflow_holy_war,
          nicolae_overflow_hidden_temple
D:7:      layout_rooms, enter_bailey_2, minmay_fractal_squares_diagonal_5,
          uniq_menkaure, uniq_prince_ribbit1
D:8:      minmay_the_grid_triangle_9x9_recursive_2
          [minmay_the_grid_triangle_9x9_prize_center,
          minmay_the_grid_triangle_9x9_checkered,
          minmay_the_grid_triangle_9x9_fully_insulated_deathbox,
          minmay_the_grid_triangle_9x9_impossible_snake], layout_basic
D:9:      minmay_ornate_pinched, layout_basic, erik_lair_orcish_takeover,
          serial_glass, glass_columns_a, glass_columns_b
D:10:     layout_rooms, uniq_erolcha
D:11:     layout_cave_pools, basic_altar, grunt_ministairs_15
Temple:   hc_temple_tempest_star
Lair:1:   layout_regular_city, portal_ice_cave_entry_pillars_2

Skill      XL: |  1  2  3  4  5  6  7  8  9 10 11 |
---------------+----------------------------------+-----
Spellcasting   | 5 6 7 8 |  8.2
Invocations    | 1 2 3 4 5 6 7 |  7.0
Short Blades   | 1 2 3 4 5 6 |  6.3
Long Blades    | 1 2 3 4 5 6 |  6.3
Axes           | 1 2 3 4 5 6 |  6.3
Maces & Flails | 1 2 3 4 5 6 |  6.3
Polearms       | 1 2 3 4 5 6 |  6.3
Staves         | 1 2 3 4 5 6 |  6.3
Slings         | 1 2 3 4 5 6 |  6.3
Bows           | 1 2 3 4 5 6 |  6.3
Crossbows      | 1 2 3 4 5 6 |  6.3
Throwing       | 1 2 3 4 5 6 |  6.3
Armour         | 1 2 3 4 5 6 |  6.3
Stealth        | 1 2 3 4 5 6 |  6.3
Shields        | 1 2 3 4 5 6 |  6.3
Evocations     | 1 2 3 4 5 6 |  6.3
Conjurations   | 1 2 3 4 5 |  5.2
Hexes          | 1 2 3 4 5 |  5.2
Summonings     | 1 2 3 4 5 |  5.2
Necromancy     | 1 2 3 4 5 |  5.2
Translocations | 1 2 3 4 5 |  5.2
Fire Magic     | 1 2 3 4 5 |  5.2
Ice Magic      | 1 2 3 4 5 |  5.2
Air Magic      | 1 2 3 4 5 |  5.2
Earth Magic    | 1 2 3 4 5 |  5.2
Poison Magic   | 1 2 3 4 5 |  5.2
Fighting       | 3 4 5 6 |  6.9
Transmutations | 4 5 6 |  6.6
Dodging        | 5 6 7 |  7.9
Unarmed Combat | 7 8 9 |  9.2

Action                   |  1- 3 |  4- 6 |  7- 9 | 10-12 || total
-------------------------+-------+-------+-------+-------++-------
Melee: Unarmed           |   101 |    92 |   324 |   505 ||  1022
       Bite              |    14 |     3 |    43 |    61 ||   121
       Punch             |     4 |     1 |    12 |    29 ||    46
       Kick              |     8 |    20 |    77 |   160 ||   265
       Headbutt          |     3 |    15 |    50 |    87 ||   155
 Cast: Beastly Appendage |     6 |    16 |    34 |    47 ||   103
       Spider Form       |       |       |     5 |     2 ||     7
Evoke: Wand              |       |       |    11 |    12 ||    23
  Use: Scroll            |       |     4 |     1 |     5 ||    10
       Potion            |       |       |       |     8 ||     8
 Stab: Sleeping          |     3 |     1 |     4 |     5 ||    13
Armor: Robe              |    12 |     9 |    61 |    68 ||   150
       Steam dragon scal |       |       |       |    47 ||    47
       Skin              |       |       |       |     2 ||     2
Dodge: Dodged            |    89 |    56 |   315 |   456 ||   916

Table legend: (Time is in decaauts)
 A = Elapsed time spent in this place.
 B = Non-inter-level travel time spent in this place.
 C = Inter-level travel time spent in this place.
 D = Time resting spent in this place.
 E = Time spent auto-exploring this place.
 F = Levels seen in this place.
 G = Mean time per level.
                   A        B        C        D        E       F      G
               +--------+--------+--------+--------+--------+-----+--------+
         Total |  12153 |   9697 |   2456 |   1137 |   5918 |  14 |  868.1 |
       Dungeon |  10791 |   8467 |   2324 |    960 |   5395 |  11 |  981.0 |
        Temple |    232 |    170 |     62 |      0 |    168 |   1 |  232.0 |
          Lair |    496 |    426 |     70 |    145 |    191 |   1 |  496.0 |
        Bailey |    633 |    633 |      0 |     32 |    164 |   1 |  633.0 |
               +--------+--------+--------+--------+--------+-----+--------+

Top non-repeatable levels by time:
     D:3: 1909 daAuts
     D:9: 1504 daAuts
     D:8: 1350 daAuts
     D:2: 1236 daAuts
     D:6: 942 daAuts
     D:1: 900 daAuts
     D:4: 896 daAuts
     D:7: 767 daAuts
     D:5: 699 daAuts
  Bailey: 633 daAuts
    D:10: 563 daAuts
  Lair:1: 496 daAuts
  Temple: 232 daAuts
    D:11: 20 daAuts
